 Dungeon Crawl Stone Soup version 0.20.1-1-g8b1a95d (webtiles) character file.

279 dohliylev the Covert (level 6, -6/43 HPs)
             Began as a Vampire Enchanter on Aug 8, 2017.
             Mangled by a mummy (17 damage)
             ... in an ossuary.
             The game lasted 00:20:13 (5129 turns).

dohliylev the Covert (Vampire Enchanter)            Turns: 5129, Time: 00:20:14

Health: -6/43      AC:  5    Str:  7    XL:     6   Next: 5%
Magic:  6/9        EV: 12    Int: 18    God:
Gold:   192        SH:  0    Dex: 14    Spells: 3/9 levels left

rFire    . . .     SeeInvis +   a - +1 dagger
rCold    . . .     Gourm    .   (no shield)
rNeg     + . .     Faith    .   h - +0 robe (curse)
rPois    .         Spirit   .   (no helmet)
rElec    .         Reflect  .   (no cloak)
rCorr    .         Harm     .   (no gloves)
MR       .....     Rnd*Rage +   e - +0 pair of boots
Stlth    ++++......             (no amulet)
Regen    0.2/turn               (no ring)
MPRegen  0.2/turn               (no ring)

@: no status effects
A: fangs 3, hooves 1, molten scales 1, see invisible, berserk 1, dopey 1,
unbreathing
a: Bat Form


You were in an ossuary.
You were not thirsty.

You visited 1 branch of the dungeon, and saw 5 of its levels.
You also visited: Ossuary.

You collected 192 gold pieces.

Inventory:

Hand Weapons
 a - a +1 dagger (weapon)
 p - a +2 short sword of speed
Armour
 e - a +0 pair of boots (worn)
 h - a cursed +0 robe (worn)
Scrolls
 b - a scroll of magic mapping {unknown}
 d - 2 scrolls of identify {unknown}
 f - 3 scrolls of teleportation {unknown}
 i - a scroll of enchant armour {unknown}
 j - a scroll of enchant weapon {unknown}
 o - a scroll of remove curse {unknown}
Potions
 g - a potion of flight {unknown}
 k - 5 potions of blood
 l - 2 potions of mutation
 m - 2 potions of curing {unknown}
 n - a potion of degeneration {unknown}
Books
 c - a book of Maledictions

   Spells                             Type                      Level
   a - Corona                         Hexes                        1
   b - Ensorcelled Hibernation        Hexes/Ice                    2
   c - Confuse                        Hexes                        3
   d - Tukima's Dance                 Hexes                        3
   e - Dazzling Spray                 Conjuration/Hexes            3


   Skills:
 + Level 1.0 Fighting
 + Level 3.1 Short Blades
 - Level 2.1 Dodging
 + Level 9.0 Stealth
 - Level 2.0 Spellcasting
 - Level 4.4 Hexes
 - Level 1.0 Ice Magic


You had 3 spell levels left.
You knew the following spells:

 Your Spells              Type           Power        Failure   Level  Hunger
a - Corona                Hex            ###....      3%          1    #......
b - Ensorcelled Hibernat  Hex/Ice        ##....       9%          2    ###....
c - Confuse               Hex            ###.....     9%          3    ###....


Dungeon Overview and Level Annotations

Branches:
Dungeon (5/15)
 Temple: D:4-7

Altars:
Hepliaklqana
Qazlal
Xom
Zin

Annotations:
D:3 Grinder, Natasha


Innate Abilities, Weirdness & Mutations

You have razor-sharp teeth.
You have supernaturally acute eyesight. (SInv)
You can survive without breathing.
You have large cloven feet.
You are partially covered in molten scales. (AC +2)
You tend to lose your temper in combat.
You are dopey. (Int -2)


Message History

You bite the kobold zombie, but do no damage.
The kobold zombie is lightly damaged.
The hobgoblin zombie hits you.
* * * LOW HITPOINT WARNING * * *
You hit the kobold zombie but do no damage.
Your bite misses the kobold zombie.
The kobold zombie is lightly damaged.
The kobold zombie completely misses you.
The adder zombie misses you.
Your transformation has ended.
Your +1 dagger unmelds from your body.
Your +0 pair of boots unmelds from your body.
Your cursed +0 robe unmelds from your body.
The hobgoblin zombie barely misses you. The kobold zombie barely misses you.
The adder zombie bites you but does no damage.
It was a potion of mutation.
You feel extremely strange.
Molten scales grow over part of your body.
You feel a little pissed off.
You feel stupid.
Your feet thicken and deform.
The adder zombie closely misses you. The mummy hits you!
You die...

#...# #..... #...#
#...# #ZZ.. #...#
#...# ##.... #...#
#.Z.# ...Z #...# #...#
#..# #...# #...# #..#
#...# #...# #..# #.Z.#
#...######..######...#
#......Z@ZZZ.........#
#......ZM8..8Z.......#
#...........Z........#
#....................#
######################


You could see a mummy, an adder zombie, a rat zombie, a hobgoblin zombie, 3
kobold zombies and a centaur zombie.

Vanquished Creatures
  A scorpion (D:4)
  An orc priest (D:4)
  An orc wizard (D:5)
  Natasha (D:3)
  A howler monkey skeleton (D:4)
  4 adders
  An ooze (D:1)
  2 worms (D:3)
  3 dart slugs
  6 leopard geckos
  4 orcs (D:4)
  3 giant cockroaches
  9 goblins
  7 hobgoblins
  6 jackals
  6 kobolds
  A quokka (D:2)
  4 bats
  3 frilled lizards
  3 hobgoblin zombies (Ossuary)
  A jackal skeleton (D:4)
  2 kobold zombies (Ossuary)
  6 orc zombies (Ossuary)
  7 rats
83 creatures vanquished.

Notes
Turn   | Place    | Note
-------+----------+-------------------------------------------
     0 | D:1      | dohliylev the Vampire Enchanter began the quest for the Orb.
     0 | D:1      | Reached XP level 1. HP: 13/13 MP: 3/3
   340 | D:1      | Reached skill level 5 in Stealth
   340 | D:1      | Reached XP level 2. HP: 17/19 MP: 5/5
   344 | D:1      | Learned a level 2 spell: Ensorcelled Hibernation
  1497 | D:1      | Reached skill level 6 in Stealth
  1497 | D:1      | Reached XP level 3. HP: 21/24 MP: 1/6
  1540 | D:1      | Reached skill level 1 in Ice Magic
  2193 | D:2      | Found a hazy altar of Hepliaklqana.
  2267 | D:2      | Reached XP level 4. HP: 31/31 MP: 4/7
  2474 | D:2      | Found a shimmering altar of Xom.
  2789 | D:2      | Reached skill level 7 in Stealth
  3004 | D:3      | Noticed Grinder
  3008 | D:3      | Noticed Natasha
  3008 | D:3      | Paralysed by Grinder for 5 turns
  3015 | D:3      | Killed Natasha
  3020 | D:3      | Noticed Natasha
  3095 | D:2      | Learned a level 3 spell: Confuse
  3325 | D:3      | Reached XP level 5. HP: 36/36 MP: 8/8
  3518 | D:3      | Paralysed by Grinder for 2 turns
  3623 | D:4      | Reached skill level 8 in Stealth
  3831 | D:4      | Found a stormy altar of Qazlal.
  3850 | D:4      | Reached skill level 1 in Fighting
  3890 | D:4      | Found a glowing silver altar of Zin.
  4132 | D:5      | Entered Level 5 of the Dungeon
  4132 | D:5      | Found a sand-covered staircase.
  4134 | D:5      | Reached skill level 9 in Stealth
  4134 | D:5      | Reached XP level 6. HP: 22/43 MP: 0/9
  4247 | Ossuary  | Entered an ossuary
  5129 | Ossuary  | Gained mutation: You are partially covered in molten scales. (AC +2) [potion of mutation]
  5129 | Ossuary  | Gained mutation: You tend to lose your temper in combat. [potion of mutation]
  5129 | Ossuary  | Gained mutation: You are dopey. (Int -2) [potion of mutation]
  5129 | Ossuary  | Gained mutation: You have large cloven feet. [potion of mutation]
  5129 | Ossuary  | Mangled by a mummy

Skill      XL: |  1  2  3  4  5 |
---------------+----------------+-----
Stealth        | 5 6 7 9 |  9.0
Ice Magic      | 1 |  1.0
Short Blades   | 2 3 |  3.1
Fighting       | 1 |  1.0
Dodging        | |  2.1
Spellcasting   | |  2.0
Hexes          | |  4.4

Action                   |  1- 3 |  4- 6 || total
-------------------------+-------+-------++-------
Melee: Dagger            |    80 |   165 ||   245
       Bite              |     4 |    11 ||    15
       Unarmed           |       |     5 ||     5
 Cast: Ensorcelled Hiber |    30 |    34 ||    64
       Confuse           |       |    23 ||    23
 Abil: End Transformatio |       |     5 ||     5
       Bat Form          |       |     5 ||     5
  Use: Potion            |     5 |     6 ||    11
 Stab: Sleeping          |    22 |    30 ||    52
       Confused          |       |     2 ||     2
  Eat: Corpse            |    11 |     5 ||    16
Armor: Robe              |    19 |    31 ||    50
Dodge: Dodged            |    34 |   131 ||   165
